 Dungeon Crawl Stone Soup version 0.17-a0-1181-gabc46e6 (webtiles) character file.

1 SWAGNEMITE the Sneak (level 1, -2/15 HPs)
             Began as a Naga Enchanter on May 31, 2015.
             Slain by a hobgoblin
             ... wielding a +0 club
              (4 damage)
             ... on level 1 of the Dungeon.
             The game lasted 00:00:20 (68 turns).

SWAGNEMITE the Sneak (Naga Enchanter)                 Turns: 68, Time: 00:00:20

Health: -2/15      AC:  2    Str: 10    XL:     1   Next: 20%
Magic:  3/3        EV: 10    Int: 15    God:
Gold:   5          SH:  0    Dex: 11    Spells: 1 memorised, 3 levels left

rFire  . . .     SeeInvis +     a - +1 dagger
rCold  . . .     Clarity  .     b - +1 robe
rNeg   . . .     SustAt   .     (no shield)
rPois  +         Gourm    .     (no helmet)
rElec  .         Spirit   .     (no cloak)
rCorr  .         Warding  .     (no gloves)
rMut   .         Stasis   .     (no barding)
MR     .....                    (no amulet)
Stlth  +++.......               (no ring)
                                (no ring)

@: very slow, not resistant to hostile enchantments, fairly stealthy
A: see invisible, deformed body, poison resistance, slowness 2, slow metabolism
1, spit poison 2, AC +0
a: Spit Poison


You were on level 1 of the Dungeon.
You were not hungry.

You visited 1 branch of the dungeon, and saw 1 of its levels.

You collected 5 gold pieces.

Inventory:

Hand weapons
 a - a +1 dagger (weapon)
Armour
 b - a +1 robe (worn)
Scrolls
 e - a scroll of identify {unknown}
Books
 c - a book of Maledictions
Comestibles
 d - a bread ration {@e1}


   Skills:
 + Level 0.0 Fighting
 + Level 1.1 Short Blades
 + Level 1.5 Dodging
 * Level 4.4 Stealth
 - Level 2.0 Spellcasting
 * Level 3.0 Hexes


You had 3 spell levels left.
You knew the following spells:

 Your Spells              Type           Power        Failure   Level  Hunger
v - Corona                Hex            ##.....      8%          1    #......


Dungeon Overview and Level Annotations

Branches:
Dungeon (1/15)

Altars:


Innate Abilities, Weirdness & Mutations

You cannot wear boots.
Your serpentine skin is tough (AC +0).
You have supernaturally acute eyesight.
Armour fits poorly on your strangely shaped body.
Your system is resistant to poisons.
You cover ground very slowly.
You have a slow metabolism.
You can spit poison.


Message History

Welcome, SWAGNEMITE the Naga Enchanter.
Will you prevail where others failed? Will you find the Orb of Zot?
Found a staircase leading out of the dungeon.
You now have 5 gold pieces.
e - a scroll labeled RORHEI HYSAET A hobgoblin comes into view.
It is wielding a club.
The helpless hobgoblin fails to defend itself.
You puncture the hobgoblin!
You kill the hobgoblin!
A hobgoblin comes into view. It is wielding a club.
A jackal comes into view.
A giant newt comes into view.
A jackal and a hobgoblin come into view.
The hobgoblin closely misses you.
You hit the hobgoblin. The hobgoblin completely misses you.
You hit the hobgoblin but do no damage.
The hobgoblin shouts!
The hobgoblin closely misses you.
A giant newt comes into view.
Unknown command.
Unknown command.
You barely miss the hobgoblin. The hobgoblin hits you with a club.
The giant newt barely misses you.
You take 2 damage, and have 13/15 hp.
The hobgoblin hits you with a club.
You take 4 damage, and have 9/15 hp.
MASSIVE DAMAGE!!
The giant newt hisses menacingly.
You closely miss the hobgoblin. The hobgoblin barely misses you.
You hit the hobgoblin but do no damage. The hobgoblin hits you with a club!
* * * LOW HITPOINT WARNING * * *
You take 7 damage, and have 2/15 hp.
MASSIVE DAMAGE!!
You hit the hobgoblin. The hobgoblin hits you with a club.
You die...

#..#..........
#..##.######## .##
##..#...######## h..
......#.........
#.######..#...########
#...###..##.## (
##.......##.########
....#!..###......)......
.l......glg@.##.########
h.......####.##.#
.#.$....# #.##.#
##..g... .....# #.......
..#### ...#.#....####
[###.##.#. #. #.#..


You could see 2 hobgoblins and a giant newt.

Vanquished Creatures
  A hobgoblin (D:1)
1 creature vanquished.

Notes
Turn   | Place    | Note
--------------------------------------------------------------
     0 | D:1      | SWAGNEMITE the Naga Enchanter began the quest for the Orb.
     0 | D:1      | Reached XP level 1. HP: 15/15 MP: 3/3
    67 | D:1      | HP: 2/15 [hobgoblin/club (7)]
    68 | D:1      | Slain by a hobgoblin

Vault maps used:
D:1:      tarquinn_simple_flora_water_a, minivault_23

Action                   || total
-------------------------++-------
Melee: Dagger            ||     7
 Stab: Sleeping          ||     1

Vault maps used:
D:1:      tarquinn_simple_flora_water_a, minivault_23

Table legend:
 A = Turns spent in this place as a percentage of turns spent in the entire game.
 B = Non-inter-level travel turns spent in this place as a percentage of non-inter-level travel turns spent in the entire game.
 C = Inter-level travel turns spent in this place as a percentage of turns spent in this place.
 D = Turns resting spent in this place as a percentage of non-inter-level travel turns spent in this place.
 E = Turns spent auto-exploring this place as a percentage of non-inter-level travel turns spent in this place.
 F = Non-inter-level travel turns spent in this place divided by the number of levels of this place that you've seen.
                   A       B       C       D       E      F
               +-------+-------+-------+-------+-------+----------------------
         Total | 100.0 | 100.0 |   0.0 |   0.0 |  13.6 |  22.0
       Dungeon | 100.0 | 100.0 |   0.0 |   0.0 |  13.6 |  22.0
               +-------+-------+-------+-------+-------+----------------------

Table legend:
 A = Kills in this place as a percentage of kills in entire the game.
 B = Kills by you in this place as a percentage of kills by you in the entire game.
 C = Kills by friends in this place as a percentage of kills by friends in the entire game.
 D = Other kills in this place as a percentage of other kills in the entire game.
 E = Experience gained in this place as a percentage of experience gained in the entire game.
 F = Experience gained in this place divided by the number of levels of this place that you have seen.
                   A       B       C       D       E      F
               +-------+-------+-------+-------+-------+----------------------
         Total | 100.0 | 100.0 |  -nan |  -nan | 100.0 |   2.0
       Dungeon | 100.0 | 100.0 |  -nan |  -nan | 100.0 |   2.0
               +-------+-------+-------+-------+-------+----------------------
